 Dungeon Crawl Stone Soup version 0.17-a0-1769-g54adf96 (webtiles) character file.

135 Psiweapon the Ducker (level 4, -3/40 HPs)
             Began as a Draconian Fighter on Sept 7, 2015.
             Killed by nerve-wracking pain
             ... invoked by Grinder
              (13 damage)
             ... on level 3 of the Dungeon.
             The game lasted 00:07:26 (3107 turns).

Psiweapon the Ducker (Draconian Fighter)            Turns: 3107, Time: 00:07:26

Health: -3/40      AC:  6    Str: 19    XL:     4   Next: 97%
Magic:  0/4        EV: 11    Int:  9    God:
Gold:   155        SH:  9    Dex: 10    Spells: 0 memorised, 3 levels left

rFire  . . .     SeeInvis .     a - +0 flail
rCold  . . .     Clarity  .     (armour unavailable)
rNeg   . . .     SustAt   .     b - +0 shield
rPois  .         Gourm    .     (helmet restricted)
rElec  .         Spirit   +     (no cloak)
rCorr  .         Warding  .     g - +0 pair of gloves
rMut   .         Stasis   .     (no boots)
MR     .....                    k - amulet of guardian spirit
Stlth  +.........               (no ring)
                                (no ring)

@: not resistant to hostile enchantments, very unstealthy
A: unfitting armour, cold-blooded, AC +5
a: no special abilities


You were on level 3 of the Dungeon.
You were not hungry.

You visited 1 branch of the dungeon, and saw 3 of its levels.

You collected 155 gold pieces.

Inventory:

Hand weapons
 a - a +0 flail (weapon)
 p - a +0 spear
 t - a +0 hand crossbow
 u - a +0 greatsling
Missiles
 i - 134 stones (quivered)
 v - 4 tomahawks
Armour
 b - a +0 shield (worn)
 g - a +0 pair of gloves (worn)
Jewellery
 k - an amulet of guardian spirit (around neck)
Scrolls
 f - a scroll of amnesia {unknown}
 j - 5 scrolls of remove curse {unknown}
 l - 2 scrolls of enchant weapon {unknown}
 m - 2 scrolls of enchant armour {unknown}
 n - a scroll of teleportation {unknown}
 r - a scroll of recharging {unknown}
 s - a scroll of identify {unknown}
Potions
 c - 2 potions of might
 e - a potion of invisibility {unknown}
 h - a potion of brilliance {unknown}
 q - a potion of lignification {unknown}
 w - a potion of resistance {unknown}
Comestibles
 d - 4 bread rations
 o - 5 chunks of flesh


   Skills:
 + Level 3.8 Fighting
 + Level 2.5 Maces & Flails
 + Level 3.9 Dodging
 + Level 1.1 Stealth
 + Level 3.7 Shields


You had 3 spell levels left.
You didn't know any spells.

Dungeon Overview and Level Annotations

Branches:
Dungeon (3/15)

Altars:
Elyvilon
The Shining One

Annotations:
D:3 Grinder


Innate Abilities, Weirdness & Mutations

Your plain brown scales are hard (AC +5).
Your body does not fit into most forms of armour.
You are cold-blooded and may be slowed by cold attacks.


Message History

You sock Grinder!
Grinder is moderately wounded.
Grinder gestures at you.
You suddenly lose the ability to move!
Grinder gestures.
Grinder blinks!
Grinder gestures.
Grinder blinks!
The goblin hits you with a club. Grinder completely misses you.
Grinder hits you. The goblin hits you with a club. Grinder hits you!
You writhe in agony.
* * * LOW HITPOINT WARNING * * *
The goblin hits you with a club.
* * * LOW HITPOINT WARNING * * *
You can move again.
You barely miss Grinder.
Your tail-slap misses Grinder.
Grinder is moderately wounded.
Grinder gestures at you. Pain shoots through your body!
You die...

#...... #.#
#.##.## #.#
#.##.# #.#
#.##.# #.#
#..#.# #.#
##.#.## #.#
#.#... #g#
#.#### ###@#
#.# #.5.# #.#
#.### ###.#
#.# #...# #.#
#.### #.#
#######.## ##
#.#
#........####.
#.#
#.#####.......
#.# #.#
##.###..


You could see Grinder and a goblin.

Vanquished Creatures
  A giant frog skeleton (D:3)
  2 adders
  2 oozes
  3 worms
  2 giant geckos (D:3)
  3 orcs (D:3)
  8 bats
  2 giant cockroaches
  7 goblins
  6 hobgoblins
  4 jackals (D:2)
  A ball python (D:1)
  A giant newt (D:1)
  9 kobolds
  13 rats
64 creatures vanquished.

Notes
Turn   | Place    | Note
--------------------------------------------------------------
     0 | D:1      | Psiweapon the Draconian Fighter began the quest for the Orb.
     0 | D:1      | Reached XP level 1. HP: 19/19 MP: 1/1
   348 | D:1      | Reached XP level 2. HP: 13/26 MP: 2/2
  1346 | D:2      | Reached XP level 3. HP: 23/31 MP: 3/3
  1863 | D:2      | Found a white marble altar of Elyvilon.
  1970 | D:2      | Found a glowing golden altar of the Shining One.
  2440 | D:3      | Reached XP level 4. HP: 28/38 MP: 2/4
  2609 | D:3      | Reached skill level 1 in Stealth
  3096 | D:3      | Noticed Grinder
  3102 | D:3      | Paralysed by Grinder for 5 turns
  3107 | D:3      | Killed from afar by Grinder

Vault maps used:
D:1:      dpeg_arrival_line_fractal, minmay_shallow_snake_nest
D:2:      nicolae_overflow_hidden_temple, tso_oasis_becter
D:3:      uniq_grinder

Action                   |  1- 3 |  4- 6 || total
-------------------------+-------+-------++-------
Melee: Flail             |   168 |    66 ||   234
 Fire: Greatsling        |       |    17 ||    17
Throw: Stone             |     3 |       ||     3
 Stab: Sleeping          |       |     1 ||     1
  Eat: Chunk             |     5 |     2 ||     7
